Map: Eindringling LE

Players

MnMsBushili

  • Race: Protoss Protoss
  • Spawn Location: 5:00

Panda - Winner!

  • Race: Zerg Zerg
  • League: Diamond
  • Spawn Location: 11:00

VOD

Have the link to the VOD?

Description

Time

  • Played on: Sept. 8, 2017, 2 p.m.
  • Length: 2:08
Show
View Real Time Build Order
Export as new Build Order

MnMsBushili Protoss 

Build Orders: Nexus First 

Get SALT Encoding   

  12  0:01  Probe (Chrono Boost)  
  13  0:12  Probe (Chrono Boost)  
  14  0:20  Pylon  
  14  0:23  Probe (Chrono Boost)  
  15  0:38  Probe (Chrono Boost)  
  16  0:48  Probe (Chrono Boost)  
  17  1:01  Nexus  
  17  1:12  Gateway  
  17  1:15  Probe (Chrono Boost)  
  18  1:19  Assimilator  
  19  1:25  Probe (Chrono Boost)  
  19  1:27  Assimilator  
  19  1:36  Probe (Chrono Boost)  
  20  1:52  Pylon  
  20  1:55  Probe (Chrono Boost)  
Show
View Real Time Build Order
Export as new Build Order

Panda Zerg - Winner!

Build Orders: Pool Only 

Get SALT Encoding   

  12  0:01  Drone  
  13  0:10  Drone  
  14  0:15  Extractor  
  13  0:29  Spawning Pool  
  12  0:39  Drone  
  13  0:45  Overlord  
  13  0:53  Drone  
  14  1:16  Zergling x6  
  17  1:29  Zergling x2  
  20  1:40  Zergling x2  
  21  1:49  Zergling x2  
Tags
 
League
Diamond
Matchup
PvZ
Replay Pack
replays1
Spawn Locations
Cross Positions
Add a new tag
Caveats
  • Supply blocks, unpowered buildings, or Contaminate may cause inaccurate times.
  • Supply counts are checked every 10 seconds.